 Dungeon Crawl Stone Soup version 0.21-a0-471-gd587bd5 (console) character file.

16748 zero the Cleaver (level 12, -6/115 HPs)
             Began as a Gargoyle Berserker on Nov 21, 2017.
             Was a High Priest of Trog.
             Splashed by an oklob plant's acid (11 damage)
             ... on level 2 of the Lair of Beasts.
             The game lasted 00:06:18 (15442 turns).

zero the Cleaver (Gargoyle Berserker)              Turns: 15442, Time: 00:06:19

Health: -6/115     AC: 19    Str: 36    XL:     12   Next: 40%
Magic:  4/4        EV: 10    Int:  8    God:    Trog [*****.]
Gold:   698        SH:  5    Dex: 11    Spells: 11/11 levels left

rFire    + . .     SeeInvis .   b - +2 broad axe (antimagic)
rCold    + . .     Gourm    .   m - +0 buckler
rNeg     + . .     Faith    +   y - +2 plate armour
rPois    ∞         Spirit   .   w - -2 helmet "Loefav" {Str+5}
rElec    +         Reflect  .   (no cloak)
rCorr    .         Harm     .   j - +2 pair of gloves
MR       .....                  x - +2 pair of boots
Stlth    ..........             n - amulet of faith
HPRegen  0.29/turn              s - ring of protection from fire
MPRegen  0.09/turn              u - ring of protection from cold

@: berserking (expiring), corroded, very quick
A: hooves 1, agile 1, negative energy resistance 1, electricity resistance,
unbreathing, petrification resistance, rot immunity, AC +8
a: Berserk, Trog's Hand, Brothers in Arms, Burn Spellbooks, Renounce Religion


You were on level 2 of the Lair of Beasts.
You worshipped Trog.
Trog was extremely pleased with you.
You were hungry.

You visited 3 branches of the dungeon, and saw 14 of its levels.
You also visited: Ossuary.

You collected 698 gold pieces.


Innate Abilities, Weirdness & Mutations

You are resistant to torment.
Your stone body is resilient. (AC +8)
You are immune to poison.
You resist negative energy. (rN+)
You are resistant to electric shocks. (rElec)
You can survive without breathing.
You are immune to petrification.
You are immune to rotting.
You have large cloven feet.
You are agile. (Dex +2)


   Skills:
 - Level 10.2 Fighting
 - Level 13.0 Axes
 + Level 9.7 Armour
 - Level 4.4 Dodging
 - Level 5.1 Shields


You had 11 spell levels left.
You didn't know any spells.

Inventory:

Hand Weapons
 b - a +2 antimagic broad axe (weapon)
 g - a +0 morningstar
Armour
 j - a +2 pair of gloves (worn)
 m - a +0 buckler (worn)
 q - a +1 pair of gloves of strength
 w - the -2 helmet "Loefav" (worn) {Str+5}
   (You found it on level 5 of the Dungeon)

   It affects your strength (+5).
 x - a +2 pair of boots (worn)
 y - a +2 plate armour (worn)
Jewellery
 n - an amulet of faith (around neck)
 p - an uncursed ring of protection from magic
 s - a ring of protection from fire (left hand)
 u - a ring of protection from cold (right hand)
 Y - an uncursed ring of protection from fire
Wands
 C - a wand of flame (17)
Scrolls
 a - 2 scrolls of blinking
 i - 7 scrolls of identify
 l - 6 scrolls of teleportation
 t - 5 scrolls of fog
 z - a scroll of random uselessness {unknown}
 B - 3 scrolls of remove curse
Potions
 d - 3 potions of haste
 f - 4 potions of curing
 k - 3 potions of heal wounds
 r - 3 potions of mutation
 v - a potion of cancellation
Comestibles
 c - 4 meat rations
 e - 7 royal jellies
 h - 15 fruits
 o - 5 bread rations
 A - 11 chunks of flesh

Dungeon Overview and Level Annotations

Branches:
Dungeon (11/15)            Temple (1/1) D:6            Lair (2/6) D:11
 Shoals (0/4) Lair:2
  Snake: Lair:2-4    Spider: Lair:2-4       Orc: D:9-12

Altars:
Ashenzari
Cheibriados
Dithmenos
Elyvilon
Fedhas
Gozag
Hepliaklqana
Kikubaaqudgha
Makhleb
Nemelex Xobeh
Okawaru
Qazlal
Ru
Sif Muna
Trog
Uskayaw
Vehumet
Wu Jian
Xom
Yredelemnul
Zin
The Shining One

Shops:
D:4 *   D:6 }   D:8 (


Message History

You feel yourself moving faster!
You feel mighty!
You are feeling hungry.
You feel a strong urge to attack something.
The oklob plant spits acid at you. The splash of acid hits you!
You are splashed with acid!
The acid burns!
You slice the oklob plant!!
The oklob plant is severely damaged.
You completely miss the plant. You slash the plant! You slash the oklob plant!
You destroy the oklob plant!
Trog accepts your kill.
You hit the plant. x2
The oklob plant spits acid at you. The splash of acid hits you!
The acid corrodes you!
You are splashed with acid!
The acid burns!
Your ogre hits the oklob plant with a giant spiked club!!
The oklob plant spits acid at your ogre.
The splash of acid hits your ogre.
Your ogre is splashed with acid.
The oklob plant spits acid at you. The splash of acid hits you!
The acid corrodes you!
You are splashed with acid!
The acid burns!
You die...

(..##.........##
..+.#.........P#
..#..........P.#
...#...........##
..###...........#
....[.........P##
..###.........##
..# ##.####.###
### ###
#P.#.#######
##.....(/PP#
#...P.@..$#
#...P.OP..#
#.....$.$.#
#...P.....# #
#...####### #
#.P## # #..## #.#
# ## .#


You could see 3 oklob plants and a friendly ogre (berserk).

Vanquished Creatures
  The ghost of Zeege the Markscentaur, a journeyman CeHu of Okawaru (Lair:1)
  Fannar (Lair:1)
  Erica (Lair:1)
  3 two-headed ogres
  Sonja (Lair:1)
  A cyclops (D:11)
  An oklob plant (Lair:2)
  A black mamba (Lair:1)
  A spiny frog (Lair:2)
  2 centaur skeletons (D:11)
  A komodo dragon (D:11)
  A troll (D:10)
  The ghost of darxusza the Slasher, an amateur MiGl (Ossuary)
  Prince Ribbit (D:8)
  A hornet (D:9)
  3 hippogriffs
  Sigmund (D:2)
  A vampire (D:9)
  7 yaks (Lair:1)
  2 porcupines
  2 water moccasins
  2 orc warriors
  A black bear (D:11)
  3 ice beasts
  An eye of draining (D:11)
  A necrophage (D:7)
  3 phantoms
  The ghost of tof the Slasher, an amateur DsBe of Trog (D:3)
  2 ogres
  13 wolves
  6 centaurs
  A big kobold (D:10)
  3 crocodiles
  8 bullfrogs
  A gnoll sergeant (D:9)
  4 water moccasin zombies (Ossuary)
  3 scorpions
  10 killer bees
  8 wights
  8 crimson imps
  A howler monkey (D:7)
  A bullfrog zombie (D:9)
  3 hounds
  2 quasits
  7 jellies
  5 orc priests
  A bullfrog skeleton (D:6)
  Terence (D:2)
  4 iguanas
  5 orc wizards
  6 worker ants
  4 big kobold zombies (Ossuary)
  3 mummies
  16 adders
  12 gnolls
  A howler monkey skeleton (D:10)
  2 shadow imps (D:10)
  5 oozes (D:8)
  An adder skeleton (D:6)
  4 adder zombies (Ossuary)
  2 worms
  4 dart slugs
  6 leopard geckos
  44 orcs
  7 bats
  9 giant cockroaches
  2 gnoll zombies (Ossuary)
  9 goblins
  9 hobgoblins
  11 jackals
  11 kobolds
  4 quokkas
  A ball python (D:4)
  3 frilled lizards
  A giant cockroach zombie (D:5)
  5 hobgoblin zombies (Ossuary)
  A jackal skeleton (D:6)
  6 kobold zombies (Ossuary)
  A leopard gecko skeleton (D:6)
  3 orc zombies (Ossuary)
  A quokka skeleton (D:6)
  A quokka zombie (D:8)
  2 rats (D:1)
  A fungus (D:11)
341 creatures vanquished.

Vanquished Creatures (collateral kills)
  A hydra (D:11)
  A komodo dragon (Lair:1)
  A yak (Lair:1)
  A fungus (Lair:1)
4 creatures vanquished.

Vanquished Creatures (others)
  An orc priest (D:4)
  3 orcs (D:4)
  3 fungi (Lair:1)
  2 plants (Lair:2)
9 creatures vanquished.

Grand Total: 354 creatures vanquished

Notes
Turn   | Place    | Note
-------+----------+-------------------------------------------
     0 | D:1      | zero the Gargoyle Berserker began the quest for the Orb.
     0 | D:1      | Reached XP level 1. HP: 14/14 MP: 1/1
     0 | D:1      | 0 ||| counter = 70
    15 | D:1      | 15 ||| INVOKING Berserk.
    18 | D:1      | Reached skill level 3 in Axes
   225 | D:1      | Reached XP level 2. HP: 19/19 MP: 2/2
   867 | D:1      | Reached XP level 3. HP: 22/23 MP: 3/3
   878 | D:1      | 878 ||| UPGRADING to ring mail.
   888 | D:1      | 888 ||| DROPPING +0 animal skin.
   889 | D:1      | 889 ||| READING 3 scrolls labeled WITIPAAGOASA.
   890 | D:1      | 890 ||| READING scroll labeled ORCHOOW MEMUECH.
   891 | D:1      | 891 ||| READING 2 scrolls of identify.
   891 | D:1      | 891 ||| IDENTIFYING black potion
   922 | D:2      | Reached ** piety under Trog
  1174 | D:2      | 1174 ||| INVOKING Berserk.
  1175 | D:2      | Reached skill level 4 in Axes
  1312 | D:2      | Noticed Sigmund
  1317 | D:2      | 1317 ||| INVOKING Berserk.
  1323 | D:2      | Killed Sigmund
  1323 | D:2      | Reached skill level 5 in Axes
  1323 | D:2      | Reached XP level 4. HP: 18/28 MP: 4/4
  1323 | D:2      | Reached XP level 5. HP: 20/32 MP: 5/5
  1570 | D:2      | Noticed Terence
  1577 | D:2      | Killed Terence
  1582 | D:2      | 1582 ||| DROPPING club.
  1611 | D:2      | Reached XP level 6. HP: 37/38 MP: 6/6
  2035 | D:2      | Found a deep blue altar of Sif Muna.
  2373 | D:2      | 2373 ||| UPGRADING to scale mail.
  2383 | D:2      | 2383 ||| DROPPING +0 ring mail.
  2384 | D:2      | 2384 ||| READING scroll labeled LITEEDGH SUIMMO.
  2385 | D:2      | 2385 ||| READING scroll labeled XYFUYR HENKI.
  2389 | D:2      | 2389 ||| DRINKING 3 viscous silvery potions.
  2493 | D:2      | 2493 ||| READING 2 scrolls of identify.
  2493 | D:2      | 2493 ||| IDENTIFYING notched bone ring
  2494 | D:2      | 2494 ||| UPGRADING to ring of protection from fire.
  2495 | D:2      | 2495 ||| READING scroll of identify.
  2495 | D:2      | 2495 ||| IDENTIFYING twisted silver amulet
  2496 | D:2      | 2496 ||| UPGRADING to amulet of faith.
  2497 | D:2      | 2497 ||| DROPPING 2 potions of berserk rage.
  2502 | D:2      | 2502 ||| EATING 2 bread rations.
  2509 | D:3      | 2509 ||| STAIRDANCE
  2548 | D:3      | Found a hide-covered altar of Uskayaw.
  2820 | D:3      | 2820 ||| INVOKING Berserk.
  2823 | D:3      | Reached skill level 6 in Axes
  3009 | D:3      | Found a snail-covered altar of Cheibriados.
  3185 | D:3      | Noticed tof's ghost (amateur DsBe)
  3189 | D:3      | 3189 ||| INVOKING Berserk.
  3198 | D:3      | Killed tof's ghost
  3493 | D:3      | Found a shimmering altar of Xom.
  3536 | D:3      | Reached XP level 7. HP: 38/43 MP: 7/7
  3625 | D:3      | Reached *** piety under Trog
  3625 | D:3      | Reached skill level 7 in Axes
  3626 | D:3      | 3626 ||| UPGRADING to chain mail.
  3636 | D:3      | 3636 ||| DROPPING +0 scale mail.
  3637 | D:3      | 3637 ||| READING 2 scrolls labeled LISCHI IRINNUF.
  3638 | D:3      | 3638 ||| READING scroll labeled IHOS IGET WANK.
  3639 | D:3      | 3639 ||| DRINKING 2 murky brown potions.
  3640 | D:3      | 3640 ||| DROPPING potion of flight.
  3791 | D:3      | 3791 ||| EATING bread ration.
  3816 | D:4      | 3816 ||| INVOKING Berserk.
  3951 | D:4      | Found an opulent altar of Gozag.
  3952 | D:4      | 3952 ||| SWAPPING to war axe.
  3953 | D:4      | 3953 ||| DROPPING +0 hand axe.
  3996 | D:4      | 3996 ||| INVOKING Berserk.
  4003 | D:4      | Reached skill level 3 in Armour
  4156 | D:4      | Found a sand-covered staircase.
  4157 | D:4      | 4157 ||| Found Ossuary.
  4215 | Ossuary  | Entered an ossuary
  4216 | Ossuary  | 4216 ||| Entered Ossuary.
  4217 | Ossuary  | Noticed darxusza's ghost (amateur MiGl)
  4218 | Ossuary  | 4218 ||| INVOKING Berserk.
  4224 | Ossuary  | Killed darxusza's ghost
  4224 | Ossuary  | Reached XP level 8. HP: 49/49 MP: 8/8
  4372 | Ossuary  | Reached skill level 8 in Axes
  4483 | Ossuary  | 4483 ||| EATING meat ration.
  4535 | Ossuary  | Reached skill level 6 in Fighting
  4623 | Ossuary  | Reached **** piety under Trog
  4770 | Ossuary  | 4770 ||| READING scroll labeled PEFAGO DOLUGICO.
  4771 | Ossuary  | 4771 ||| DRINKING 2 sedimented ruby potions.
  4772 | Ossuary  | 4772 ||| DRINKING 2 pink potions.
  4873 | Ossuary  | 4873 ||| DRINKING 3 grey potions.
  4874 | Ossuary  | 4874 ||| DROPPING potion of lignification.
  4875 | Ossuary  | 4875 ||| DROPPING 2 potions of brilliance.
  4893 | D:4      | Found a radiant altar of Vehumet.
  5065 | D:4      | Found a glowing silver altar of Zin.
  5142 | D:4      | Found Sulysith's General Store.
  5202 | D:4      | 5202 ||| DROPPING mace.
  5366 | D:4      | 5366 ||| READING scroll labeled LUOJ USMYI.
  5367 | D:4      | 5367 ||| READING scroll labeled AMIEB CIGGOM.
  5368 | D:4      | 5368 ||| READING scroll labeled PAIMEIP IMNU.
  5369 | D:4      | 5369 ||| READING scroll of identify.
  5369 | D:4      | 5369 ||| IDENTIFYING glowing ivory ring
  5370 | D:4      | 5370 ||| UPGRADING to ring of protection from magic.
  5380 | D:5      | Entered Level 5 of the Dungeon
  5414 | D:5      | 5414 ||| INVOKING Berserk.
  5584 | D:5      | Reached skill level 9 in Axes
  5763 | D:5      | 5763 ||| READING scroll of enchant weapon.
  5763 | D:5      | 5763 ||| ENCHANTING +1 war axe.
  5980 | D:5      | Got a brightly glowing helmet
  6276 | D:5      | 6276 ||| UPGRADING to flail.
  6277 | D:5      | 6277 ||| SWAPPING to +2 war axe.
  6322 | D:5      | 6322 ||| UPGRADING to pair of glowing gloves.
  6327 | D:5      | 6327 ||| UPGRADING to brightly glowing helmet.
  6332 | D:5      | Identified the -2 helmet "Loefav" {Str+5} (You found it on level 5 of the Dungeon)
  6332 | D:5      | 6332 ||| UPGRADING to pair of boots.
  6337 | D:5      | 6337 ||| UPGRADING to plate armour.
  6347 | D:5      | 6347 ||| DROPPING +0 chain mail.
  6348 | D:5      | 6348 ||| READING 3 scrolls of enchant armour.
  6348 | D:5      | 6348 ||| ENCHANTING +0 pair of boots.
  6349 | D:5      | 6349 ||| READING 2 scrolls of enchant armour.
  6349 | D:5      | 6349 ||| ENCHANTING +1 pair of boots.
  6350 | D:5      | 6350 ||| READING scroll of enchant armour.
  6350 | D:5      | 6350 ||| ENCHANTING +0 plate armour.
  6351 | D:5      | 6351 ||| READING scroll labeled MINEILEVARU.
  6352 | D:5      | 6352 ||| DRINKING 2 orange potions.
  6352 | D:5      | Gained mutation: You have large cloven feet. [potion of mutation]
  6352 | D:5      | Gained mutation: You are agile. (Dex +2) [potion of mutation]
  6353 | D:5      | 6353 ||| READING 2 scrolls of identify.
  6353 | D:5      | 6353 ||| IDENTIFYING notched moonstone ring
  6354 | D:5      | 6354 ||| DROPPING cursed -2 ring of evasion.
  6355 | D:5      | 6355 ||| READING scroll of identify.
  6355 | D:5      | 6355 ||| IDENTIFYING ruby ring
  6356 | D:5      | 6356 ||| UPGRADING to ring of protection from cold.
  6371 | D:6      | 6371 ||| STAIRDANCE
  6396 | D:6      | 6396 ||| STAIRDANCE
  6415 | D:5      | 6415 ||| UPGRADING to morningstar.
  6416 | D:5      | 6416 ||| SWAPPING to +2 war axe.
  6417 | D:5      | 6417 ||| DROPPING +0 flail.
  6425 | D:6      | 6425 ||| STAIRDANCE
  6427 | D:5      | Reached ***** piety under Trog
  6436 | D:6      | 6436 ||| STAIRDANCE
  6464 | D:5      | Reached XP level 9. HP: 50/55 MP: 9/9
  6533 | D:6      | Found an ornate altar of the Wu Jian Council.
  6552 | D:6      | 6552 ||| READING scroll of enchant weapon.
  6552 | D:6      | 6552 ||| ENCHANTING +2 war axe.
  6643 | D:6      | Found Fiag Titaun's Gadget Emporium.
  6653 | D:6      | 6653 ||| SHOPLISTING wand of digging (11) (420 gold, have 272).
  6848 | D:6      | Reached skill level 6 in Armour
  7050 | D:6      | Found a staircase to the Ecumenical Temple.
  7059 | Temple   | Entered the Ecumenical Temple
  7060 | Temple   | 7060 ||| Entered T.
  7275 | Temple   | 7275 ||| READING 2 scrolls of identify.
  7275 | Temple   | 7275 ||| IDENTIFYING murky silvery potion
  7425 | D:7      | 7425 ||| EATING fruit.
  7490 | D:7      | 7490 ||| STAIRDANCE
  7764 | D:7      | Found a shadowy altar of Dithmenos.
  7766 | D:7      | Found an ancient bone altar of Kikubaaqudgha.
  7842 | D:7      | 7842 ||| INVOKING Berserk.
  7880 | D:7      | 7880 ||| EATING royal jelly.
  7913 | D:7      | Found a white marble altar of Elyvilon.
  8170 | D:8      | Found a hazy altar of Hepliaklqana.
  8253 | D:8      | Noticed a two-headed ogre
  8259 | D:8      | 8259 ||| INVOKING Berserk.
  8265 | D:8      | Killed a two-headed ogre
  8392 | D:8      | Noticed Prince Ribbit
  8396 | D:8      | 8396 ||| INVOKING Berserk.
  8416 | D:8      | Killed Prince Ribbit
  8416 | D:8      | Reached XP level 10. HP: 63/63 MP: 10/10
  8479 | D:8      | 8479 ||| READING scroll of enchant weapon.
  8479 | D:8      | 8479 ||| ENCHANTING +3 war axe.
  8827 | D:8      | Found Jucou's Weapon Shoppe.
  8910 | D:8      | Received a gift from Trog
  8911 | D:8      | 8911 ||| INVOKING Berserk.
  8924 | D:8      | 8924 ||| EATING 4 meat rations.
  9063 | D:8      | 9063 ||| SWAPPING to runed broad axe {god gift}.
  9064 | D:8      | 9064 ||| DROPPING +4 war axe.
  9080 | D:8      | 9080 ||| READING scroll labeled KEM IKITWI.
  9081 | D:8      | 9081 ||| READING 3 scrolls of identify.
  9081 | D:8      | 9081 ||| IDENTIFYING bubbling inky potion
  9082 | D:8      | 9082 ||| READING 2 scrolls of identify.
  9082 | D:8      | 9082 ||| IDENTIFYING emerald potion
  9083 | D:8      | 9083 ||| DROPPING potion of agility.
  9084 | D:8      | 9084 ||| DROPPING potion of degeneration.
  9124 | D:9      | 9124 ||| STAIRDANCE
  9135 | D:9      | 9135 ||| STAIRDANCE
  9151 | D:9      | Reached skill level 10 in Axes
  9215 | D:9      | Found Mogoe's Distillery.
  9233 | D:9      | Noticed a two-headed ogre
  9237 | D:9      | 9237 ||| INVOKING Berserk.
  9242 | D:9      | Killed a two-headed ogre
  9344 | D:9      | Noticed a centaur warrior
  9372 | D:9      | 9372 ||| INVOKING Berserk.
  9574 | D:9      | Found a shimmering altar of Xom.
  9751 | D:9      | 9751 ||| INVOKING Berserk.
  9755 | D:9      | Reached skill level 9 in Fighting
 10019 | D:9      | 10019 ||| INVOKING Berserk.
 10336 | D:9      | 10336 ||| INVOKING Berserk.
 10375 | D:9      | 10375 ||| EATING 11 royal jellies.
 10507 | D:9      | Found a bloodstained altar of Trog.
 10722 | D:9      | 10722 ||| UPGRADING to buckler.
 10727 | D:9      | 10727 ||| READING scroll labeled LOTHAE OKHLEIQA.
 10728 | D:9      | 10728 ||| READING scroll labeled ZOHAC HOET.
 10829 | D:9      | 10829 ||| READING scroll of identify.
 10829 | D:9      | 10829 ||| IDENTIFYING knobbly silver ring
 10830 | D:9      | 10830 ||| DROPPING ring of wizardry.
 10852 | D:10     | Entered Level 10 of the Dungeon
 10888 | D:10     | Received a gift from Trog
 10926 | D:10     | Reached skill level 1 in Shields
 11075 | D:10     | 11075 ||| INVOKING Berserk.
 11294 | D:10     | Reached skill level 3 in Shields
 11326 | D:10     | Noticed a two-headed ogre
 11328 | D:10     | 11328 ||| INVOKING Berserk.
 11333 | D:10     | Killed a two-headed ogre
 11333 | D:10     | Reached XP level 11. HP: 71/71 MP: 3/11
 11774 | D:10     | 11774 ||| INVOKING Berserk.
 11907 | D:10     | 11907 ||| EATING 10 royal jellies.
 11972 | D:10     | 11972 ||| INVOKING Berserk.
 12218 | D:10     | 12218 ||| STAIRDANCE
 12290 | D:10     | 12290 ||| INVOKING Berserk.
 12316 | D:10     | 12316 ||| EATING 9 royal jellies.
 12477 | D:11     | Reached skill level 11 in Axes
 12478 | D:11     | 12478 ||| INVOKING Berserk.
 12503 | D:11     | 12503 ||| STAIRDANCE
 12584 | D:10     | 12584 ||| EATING 8 royal jellies.
 12588 | D:11     | 12588 ||| INVOKING Berserk.
 12595 | D:11     | 12595 ||| STAIRDANCE
 12711 | D:11     | Noticed a cyclops
 12714 | D:11     | 12714 ||| INVOKING Berserk.
 12717 | D:11     | Killed a cyclops
 12717 | D:11     | Reached skill level 9 in Armour
 12866 | D:11     | Received a gift from Trog
 13128 | D:11     | Noticed a seven-headed hydra
 13129 | D:11     | 13129 ||| INVOKING Brothers in Arms.
 13131 | D:11     | 13131 ||| SWAPPING to +0 morningstar.
 13132 | D:11     | 13132 ||| INVOKING Berserk.
 13133 | D:11     | Killed an eight-headed hydra
 13137 | D:11     | 13137 ||| SWAPPING to +1 antimagic broad axe.
 13288 | D:11     | Found a staircase to the Lair.
 13289 | D:11     | 13289 ||| INVOKING Berserk.
 13604 | D:11     | 13604 ||| READING 7 scrolls of identify.
 13604 | D:11     | 13604 ||| IDENTIFYING white potion
 13605 | D:11     | 13605 ||| DROPPING potion of ambrosia.
 13632 | Lair:1   | Entered Level 1 of the Lair of Beasts
 13633 | Lair:1   | 13633 ||| Entered L.
 13681 | Lair:1   | Noticed Zeege's ghost (journeyman CeHu)
 13682 | Lair:1   | 13682 ||| INVOKING Brothers in Arms.
 13684 | Lair:1   | 13684 ||| INVOKING Berserk.
 13690 | Lair:1   | Killed Zeege's ghost
 13730 | Lair:1   | Noticed Sonja
 13731 | Lair:1   | 13731 ||| INVOKING Brothers in Arms.
 13734 | Lair:1   | 13734 ||| INVOKING Berserk.
 13749 | Lair:1   | 13749 ||| READING 6 scrolls of teleportation.
 13872 | Lair:1   | Noticed Fannar
 13876 | Lair:1   | Noticed Erica
 13881 | Lair:1   | 13881 ||| INVOKING Berserk.
 13893 | Lair:1   | Reached skill level 12 in Axes
 13896 | Lair:1   | 13896 ||| DRINKING 6 potions of curing.
 13896 | Lair:1   | 13896 ||| (to cure confusion)
 13909 | Lair:1   | 13909 ||| DRINKING 5 potions of curing.
 13909 | Lair:1   | 13909 ||| (to cure confusion)
 13912 | Lair:1   | Killed Fannar
 13914 | Lair:1   | Killed Erica
 13954 | Lair:1   | Reached XP level 12. HP: 71/77 MP: 4/12
 14116 | Lair:1   | 14116 ||| READING scroll of enchant armour.
 14116 | Lair:1   | 14116 ||| ENCHANTING +1 plate armour.
 14174 | Lair:1   | 14174 ||| INVOKING Brothers in Arms.
 14181 | Lair:1   | 14181 ||| INVOKING Brothers in Arms.
 14182 | Lair:1   | 14182 ||| INVOKING Berserk.
 14190 | Lair:1   | Killed Sonja
 14349 | Lair:1   | 14349 ||| STAIRDANCE
 14458 | Lair:1   | Received a gift from Trog
 14493 | Lair:1   | 14493 ||| READING scroll of enchant weapon.
 14493 | Lair:1   | 14493 ||| ENCHANTING +1 antimagic broad axe.
 14912 | Lair:1   | 14912 ||| EATING 7 royal jellies.
 14977 | Lair:1   | 14977 ||| UPGRADING to ring of protection from fire.
 15054 | Lair:2   | Found a staircase to the Shoals.
 15283 | Lair:2   | Reached skill level 13 in Axes
 15434 | Lair:2   | 15434 ||| INVOKING Brothers in Arms.
 15438 | Lair:2   | 15438 ||| INVOKING Berserk.
 15441 | Lair:2   | HP: 20/115 [oklob plant/splash of acid (20)]
 15441 | Lair:2   | HP: 9/115 [acid (11)]
 15442 | Lair:2   | Splashed by an oklob plant's acid

Vault maps used:
D:1:      dpeg_arrival_pond
D:2:      lemuel_blue_sif_altar, first_bread, small_statue_intersection,
          uniq_terence, uniq_sigmund
D:3:      lemuel_round_altar, lemuel_crystal_altar, led_xom_imps
D:4:      fiery_altar_vehumet, lemuel_coloured_pillars_altar, zin_statuary,
          serial_shops, nicolae_shop_waterfront, gup_ossuary_entry_pyramid,
          minmay_strange_pillars
D:5:      kennysheep_spiral_hall
D:6:      old_standard_altar, temple_hall, serial_shops, shop
D:7:      kennysheep_mini_moat, chequers_temple_overflow_statue_of_worship
D:8:      lemuel_doored_altar, serial_shops, nicolae_shop_stone,
          hangedman_little_slice_of_home, minmay_misc_feat_iff,
          uniq_prince_ribbit1
D:9:      cheibrodos_fzero, old_standard_altar, lemuel_round_altar,
          serial_shops, shop, minmay_strange_pillars
D:11:     grunt_lair_entry_orc_guard_hut
Temple:   jpeg_temple_island
Lair:1:   lemuel_fruit_tree, grunt_megastairs_3, uniq_erica, uniq_fannar,
          uniq_sonja
Lair:2:   elwin_shoals_entry_rocks, serial_bayou_shore_b,
          infiniplex_staircase_pool, minmay_lair_oklob_chamber
Ossuary:  ossuary_tomb_2

Skill      XL: |  1  2  3  4  5  6  7  8  9 10 11 12 |
---------------+-------------------------------------+-----
Axes           | 3 5 6 7 9 10 12 13 | 13.0
Fighting       | 4 5 6 7 9 10 | 10.2
Armour         | 3 4 6 8 9 |  9.7
Dodging        | 4 |  4.4
Shields        | 5 |  5.1

Action                   |  1- 3 |  4- 6 |  7- 9 | 10-12 || total
-------------------------+-------+-------+-------+-------++-------
Melee: Hand axe          |    97 |   176 |   103 |       ||   376
       War axe           |       |       |   359 |    42 ||   401
       Broad axe         |       |       |       |   498 ||   498
Throw: Tomahawk          |       |    14 |    62 |    55 ||   131
Invok: Berserk           |     3 |     2 |     7 |    21 ||    33
       Brothers in Arms  |       |       |       |     6 ||     6
  Use: Scroll            |     3 |     4 |    16 |    11 ||    34
       Potion            |       |     1 |     5 |     2 ||     8
 Stab: Invisible         |       |       |     2 |       ||     2
  Eat: Chunk             |     3 |     6 |     9 |    30 ||    48
       Bread ration      |       |     1 |     1 |       ||     2
       Meat ration       |       |       |     1 |     1 ||     2
       Royal jelly       |       |       |     1 |     5 ||     6
       Fruit             |       |       |     1 |       ||     1
Armor: Animal skin       |    21 |       |       |       ||    21
       Ring mail         |    10 |    22 |       |       ||    32
       Scale mail        |       |    70 |    12 |       ||    82
       Chain mail        |       |       |   137 |       ||   137
       Plate armour      |       |       |    82 |   422 ||   504
Dodge: Dodged            |    49 |    86 |   153 |   260 ||   548
Block: Buckler           |       |       |       |   100 ||   100

Table legend:
 A = Spawn XP
 B = Non-spawn XP
 C = Spawn XP percentage of total XP
 D = Spawn monster count
 E = Non-spawn monster count
 F = Spawn count percentage of total count
 G = Total turns spent on level
                    A         B        C        D         E        F      G
               +---------+---------+-------+---------+---------+-------+---------
         Total |       0 |   23927 |   0.0 |       0 |     343 |   0.0 | 15442
               +---------+---------+-------+---------+---------+-------+---------
           D:1 |       0 |      34 |   0.0 |       0 |      18 |   0.0 |   897
           D:2 |       0 |     315 |   0.0 |       0 |      20 |   0.0 |  1626
           D:3 |       0 |     441 |   0.0 |       0 |      31 |   0.0 |  1277
           D:4 |       0 |     345 |   0.0 |       0 |      16 |   0.0 |   915
           D:5 |       0 |     480 |   0.0 |       0 |      22 |   0.0 |  1118
           D:6 |       0 |     392 |   0.0 |       0 |      23 |   0.0 |   698
           D:7 |       0 |     585 |   0.0 |       0 |      12 |   0.0 |   710
           D:8 |       0 |    2021 |   0.0 |       0 |      31 |   0.0 |   999
           D:9 |       0 |    3022 |   0.0 |       0 |      39 |   0.0 |  1754
          D:10 |       0 |    2661 |   0.0 |       0 |      32 |   0.0 |  1755
          D:11 |       0 |    3609 |   0.0 |       0 |      31 |   0.0 |  1086
        Lair:1 |       0 |    6867 |   0.0 |       0 |      24 |   0.0 |  1259
        Lair:2 |       0 |    2352 |   0.0 |       0 |      13 |   0.0 |   447
       Ossuary |       0 |     803 |   0.0 |       0 |      31 |   0.0 |   665
               +---------+---------+-------+---------+---------+-------+---------
